 Dungeon Crawl Stone Soup version 0.23.1-37-gaa34b87b72 (webtiles) character file.

Game seed: 8244780927558248531

174 MisterOstroum the Sneak (level 5, -8/38 HPs)
             Began as a Vampire Assassin on Mar 22, 2019.
             Killed by divine providence
             ... invoked by an orc priest
              (14 damage)
             ... on level 2 of the Dungeon.
             The game lasted 00:15:50 (1649 turns).

MisterOstroum the Sneak (Vampire Assassin)          Turns: 1649, Time: 00:15:51

Health: -8/38      AC:  4    Str: 11    XL:     5   Next: 28%
Magic:  5/5        EV: 12    Int: 13    God:
Gold:   77         SH:  0    Dex: 16    Spells: 4/4 levels left

rFire    . . .     SeeInvis +   a - +2 dagger
rCold    . . .     Gourm    .   (no shield)
rNeg     . . .     Faith    .   c - +0 robe
rPois    .         Spirit   .   n - +0 helmet
rElec    .         Reflect  .   d - +0 cloak
rCorr    .         Harm     .   (no gloves)
MR       .....                  (no boots)
Stlth    ++++......             (no amulet)
HPRegen  0.32/turn              (no ring)
MPRegen  0.09/turn              (no ring)

@: regenerating quickly
A: fangs 3, see invisible, unbreathing
a: no special abilities


You were on level 2 of the Dungeon.
You were full.

You visited 1 branch of the dungeon, and saw 3 of its levels.

You collected 77 gold pieces.

Inventory:

Hand Weapons
 a - a +2 dagger (weapon)
 b - a +0 blowgun
Missiles
 e - 7 poisoned needles
 f - 2 curare-tipped needles
 h - 136 stones (quivered)
Armour
 c - a +0 robe (worn)
 d - a +0 cloak (worn)
 n - a +0 helmet (worn)
 p - a +1 leather armour of fire resistance
Scrolls
 i - a scroll of blinking {unknown}
 j - 4 scrolls of remove curse {unknown}
 l - a scroll of teleportation {unknown}
 o - 2 scrolls of identify {unknown}
 q - 2 scrolls of enchant armour {unknown}
Potions
 g - 5 potions of blood
 k - a potion of magic {unknown}
 m - 2 potions of brilliance {unknown}
 r - a potion of invisibility {unknown}


   Skills:
 + Level 1.8 Fighting
 * Level 5.3 Short Blades
 + Level 1.9 Throwing
 - Level 1.1 Dodging
 - Level 7.0 Stealth


You had 4 spell levels left.
You didn't know any spells.
Your spell library was empty.

Dungeon Overview and Level Annotations

Branches:
Dungeon (3/15)

Altars:


Innate Abilities, Weirdness & Mutations

Your natural rate of healing is unusually fast.
You have razor-sharp teeth.
You have supernaturally acute eyesight. (SInv)
You can survive without breathing.


Message History

Pain shoots through your body!
* * * LOW HITPOINT WARNING * * *
The hobgoblin shouts!
An adder comes into view.
There is a stone staircase leading up here.
The orc priest barely misses you. The orc hits you with a +0 dagger.
* * * LOW HITPOINT WARNING * * *
You climb upwards.
There is a stone staircase leading down here.
Sorry, you're too full to transform right now.
The orc priest barely misses you. The orc priest barely misses you.
There is an open door here.
You see here a +0 club.
The orc priest mumbles some strange prayers to Beogh against you.
Beogh smites you!
* * * LOW HITPOINT WARNING * * *
The orc priest calls down the wrath of Beogh upon you.
Beogh smites you!
You die...

#.# # #.# #
###########.# #
#...........######
#.##########......
#.# #.##### #.#
#.# #.# #.#
###########@# #.#
#........##.# #.#
#........##.# #<#
#........##o# #.#
#........##.# #.#
#........##.# #.#
#........##o# #.#
######.)......##.#
#[#
............>o'..#
#.#


You could see an orc priest and an orc.

Vanquished Creatures
  A scorpion (D:2)
  Terence (D:2)
  2 adders (D:2)
  2 oozes (D:1)
  2 worms (D:2)
  3 dart slugs
  A leopard gecko (D:1)
  9 giant cockroaches
  4 goblins (D:2)
  6 hobgoblins
  2 jackals (D:1)
  A quokka (D:2)
  6 bats
  4 frilled lizards
  6 kobolds
  11 rats
61 creatures vanquished.

Notes
Turn   | Place    | Note
-------+----------+-------------------------------------------
     0 | D:1      | MisterOstroum the Vampire Assassin began the quest for the
                  | Orb.
     0 | D:1      | Reached XP level 1. HP: 16/16 MP: 1/1
   113 | D:1      | Reached XP level 2. HP: 18/22 MP: 2/2
   353 | D:1      | Reached XP level 3. HP: 26/27 MP: 3/3
   409 | D:1      | Reached skill level 6 in Stealth
   599 | D:2      | Noticed a scorpion
   622 | D:2      | Killed a scorpion
   622 | D:2      | Reached XP level 4. HP: 25/33 MP: 4/4
   852 | D:2      | Reached skill level 5 in Short Blades
   947 | D:2      | Noticed Terence
   955 | D:2      | Killed Terence
   955 | D:2      | Reached XP level 5. HP: 38/38 MP: 5/5
  1223 | D:2      | Reached skill level 7 in Stealth
  1649 | D:2      | Killed from afar by an orc priest

Skill      XL: |  1  2  3  4  5 |
---------------+----------------+-----
Short Blades   | 3 4 5 |  5.3
Stealth        | 6 7 |  7.0
Fighting       | |  1.8
Throwing       | |  1.9
Dodging        | |  1.1

Action                   |  1- 3 |  4- 6 || total
-------------------------+-------+-------++-------
Melee: Dagger            |    78 |    74 ||   152
       Bite              |    11 |     7 ||    18
       Blowgun           |       |     2 ||     2
 Fire: Blowgun           |     4 |    24 ||    28
Throw: Stone             |    68 |    28 ||    96
  Use: Potion            |     3 |     1 ||     4
 Stab: Sleeping          |     6 |     4 ||    10
  Eat: Corpse            |     4 |     2 ||     6
Armor: Robe              |    13 |    12 ||    25
Dodge: Dodged            |    41 |    40 ||    81
